 Dungeon Crawl Stone Soup version 0.28-a0-194-g42b4daccc1 (webtiles) character file.

Game seed: 7086415593458027280

258 rabbitsville the Ruffian (level 5, -3/52 HPs)
             Began as a Troll Brigand on Aug 18, 2021.
             Slain by a water moccasin (6 damage)
             ... in a sewer.
             The game lasted 00:13:01 (2440 turns).

rabbitsville the Ruffian (Troll Brigand)            Turns: 2440, Time: 00:13:01

Health: -3/52      AC:  5    Str: 20    XL:     5   Next: 94%
Magic:  4/4        EV:  9    Int:  7    God:
Gold:   201        SH:  0    Dex: 11    Spells: 4/4 levels left

rFire   . . .      SeeInvis .     - Unarmed
rCold   . . .      Faith    .   (no shield)
rNeg    + . .      Spirit   .   b - +0 robe
rPois   .          Reflect  .   (helmet restricted)
rElec   .          Harm     .   c - +0 cloak
rCorr   .          Rampage  .   (gloves unavailable)
Will    .....                   (boots unavailable)
Stlth   ++........              f - amulet of the acrobat
HPRegen 1.17/turn               r - ring of positive energy
MPRegen 0.09/turn               (no ring)

@: lethally poisoned (-3 -> -3)
A: large, unfitting armour, claws 3, regeneration 1, shaggy fur 1, tough skin 1
a: no special abilities


You were in a sewer.
You visited 1 branch of the dungeon, and saw 4 of its levels.
You also visited: Sewer.

You collected 201 gold pieces.

Inventory:

Hand Weapons
 a - a +2 dagger
Missiles
 d - 19 poisoned darts (quivered)
 e - 2 curare-tipped darts
Armour
 b - a +0 robe (worn)
 c - a +0 cloak (worn)
Jewellery
 f - an amulet of the acrobat (around neck)
 r - a ring of positive energy (left claw)
Scrolls
 g - a scroll of noise {unknown}
 h - a scroll of teleportation {unknown}
 i - a scroll of enchant weapon {unknown}
 k - 4 scrolls of identify {unknown}
 m - a scroll of holy word {unknown}
 s - 2 scrolls of immolation {unknown}
 v - 2 scrolls of blinking {unknown}
 w - a scroll of brand weapon {unknown}
Potions
 j - a potion of magic {unknown}
 l - a potion of attraction {unknown}
 n - 2 potions of brilliance {unknown}
 o - a potion of resistance {unknown}
 p - a potion of curing
 q - 2 potions of mutation {unknown}
 t - 2 potions of cancellation {unknown}
 u - a potion of might {unknown}
 x - a potion of lignification {unknown}


   Skills:
 + Level 2.8 Fighting
 - Level 1.5 Short Blades
 + Level 3.1 Throwing
 - Level 0.7 Dodging
 - Level 2.1 Stealth
 * Level 4.0 Unarmed Combat


You had 4 spell levels left.
You didn't know any spells.
Your spell library contained the following spells:

 Spells                   Type           Power      Damage    Failure   Level
 Fireball                 Conj/Fire      0%         3d3       100%        5
 Iskenderun's Battlesphe  Conj           0%         2d6       100%        5
 Conjure Ball Lightning   Conj/Air       0%         3x3d6     100%        6
 Orb of Destruction       Conj           0%         N/A       100%        7


Dungeon Overview and Level Annotations

Branches:
Dungeon (4/15)              Sewer (1/1)
 Temple: D:4-7

Altars:
Elyvilon


Innate Abilities, Weirdness & Mutations

You are too large for most types of armour.
You have claws for hands.
Your natural rate of healing is unusually fast.
You are covered in fur. (AC +1)
You have tough skin. (AC +1)


Message History

You feel sick. The water moccasin bites you.
You closely miss the water moccasin.
The water moccasin is heavily wounded.
You feel sick. The water moccasin bites you.
You are more poisoned.
The water moccasin poisons you!
The water moccasin bites you but does no damage.
You barely miss the water moccasin.
The water moccasin is heavily wounded.
You feel very sick.
The water moccasin bites you but does no damage.
You scratch the water moccasin.
The water moccasin is severely wounded.
You feel very sick. The water moccasin barely misses you.
You closely miss the water moccasin. Your claw misses the water moccasin.
The water moccasin is severely wounded.
You feel very sick. The water moccasin closely misses you.
The water moccasin barely misses you.
You barely miss the water moccasin.
The water moccasin is heavily wounded.
You feel sick. The water moccasin bites you!
* * * LOW HITPOINT WARNING * * *
You claw the water moccasin!
The water moccasin is almost dead.
You feel sick. The water moccasin bites you.
* * * LOW HITPOINT WARNING * * *
You scratch the water moccasin.
The water moccasin is almost dead.
You feel sick. The water moccasin bites you!
* * * LOW HITPOINT WARNING * * *
You miss the water moccasin.
The water moccasin is almost dead.
You feel sick.
The water moccasin bites you but does no damage.
The water moccasin completely misses you.
You closely miss the water moccasin.
The water moccasin is almost dead.
You feel sick. The water moccasin bites you.
You die...

.
....############
(.(..(S@........
....####.#######
. #.# #.# #.#
#.# #.# ##.##
##...##


You could see a water moccasin.

Vanquished Creatures
  A black bear (D:3)
  Terence (D:2)
  An adder (D:4)
  3 river rats (D:4)
  An ufetubus (D:4)
  5 worms
  2 dart slugs
  2 orcs
  A ball python (D:3)
  9 endoplasms
  4 giant cockroaches
  6 goblins
  9 hobgoblins
  6 jackals
  4 kobolds
  3 quokkas
  8 bats
  3 frilled lizards
  6 rats
75 creatures vanquished.

Notes
Turn   | Place    | Note
-------+----------+-------------------------------------------
     0 | D:1      | rabbitsville the Troll Brigand began the quest for the Orb.
     0 | D:1      | Reached XP level 1. HP: 19/19 MP: 0/0
   177 | D:1      | Reached skill level 1 in Unarmed Combat
   217 | D:1      | Reached XP level 2. HP: 28/28 MP: 1/1
   724 | D:2      | Reached XP level 3. HP: 35/35 MP: 2/2
   809 | D:2      | Found a faded altar of an unknown god.
   842 | D:2      | Reached skill level 2 in Unarmed Combat
  1502 | D:3      | Noticed Terence
  1513 | D:2      | Killed Terence
  1514 | D:2      | Reached XP level 4. HP: 42/42 MP: 3/3
  1536 | D:3      | Noticed a black bear
  1663 | D:3      | Found a white marble altar of Elyvilon.
  1761 | D:3      | Killed a black bear
  1762 | D:3      | Reached skill level 3 in Unarmed Combat
  1762 | D:3      | Reached XP level 5. HP: 48/50 MP: 4/4
  2368 | D:4      | Found a glowing drain.
  2375 | D:4      | Reached skill level 4 in Unarmed Combat
  2388 | Sewer    | Entered a sewer
  2423 | Sewer    | Noticed a water moccasin
  2440 | Sewer    | Slain by a water moccasin

Illustrated notes

Levels and vault maps discovered:
D:1:      onia_arrival_pentagram, layout_basic
D:2:      layout_basic, ebering_ecumenical_altar_webs, minmay_circle_x
D:3:      layout_rooms, mainiacjoe_overflow_boulevard, st_stairs_2, uniq_terence
D:4:      layout_layer_cave, mainiacjoe_overflow_chevrons,
          gup_sewer_entry_bubbles, uniq_crazy_yiuf_cottage
Sewer:    sewer_big_baddie

Skill      XL: |  1  2  3  4  5 |
---------------+----------------+-----
Unarmed Combat | 1 2 3 4 |  4.0
Throwing       | 2 3 |  3.1
Fighting       | 2 |  2.8
Short Blades   | |  1.5
Dodging        | |  0.7
Stealth        | |  2.1

Action                   |  1- 3 |  4- 6 || total
-------------------------+-------+-------++-------
Melee: Unarmed           |    82 |   127 ||   209
Throw: Dart              |     4 |     9 ||    13
 Stab: Sleeping          |     4 |     2 ||     6
Armor: Robe              |    20 |    45 ||    65
Dodge: Dodged            |    46 |    83 ||   129

Table legend: (Time is in decaauts)
 A = Elapsed time spent in this place.
 B = Non-inter-level travel time spent in this place.
 C = Inter-level travel time spent in this place.
 D = Time resting spent in this place.
 E = Time spent auto-exploring this place.
 F = Levels seen in this place.
 G = Mean time per level.
                   A        B        C        D        E       F      G
               +--------+--------+--------+--------+--------+-----+--------+
         Total |   2445 |   2303 |    142 |      9 |   1209 |   5 |  489.0 |
       Dungeon |   2396 |   2254 |    142 |      9 |   1209 |   4 |  599.0 |
         Sewer |     49 |     49 |      0 |      0 |      0 |   1 |   49.0 |
               +--------+--------+--------+--------+--------+-----+--------+

Top non-repeatable levels by time:
     D:2: 940 daAuts
     D:1: 611 daAuts
     D:3: 495 daAuts
     D:4: 349 daAuts
   Sewer: 49 daAuts
